 Seeded DCSS version 0.27.1-35-g4d5d836560 (webtiles) character file.

Game seed: 24673553 (custom seed)

7 codytheliberalslayer the Poker (level 1, -2/16 HPs)
             Began as a Demonspawn Gladiator on Aug 16, 2022.
             Slain by a goblin (3 damage)
             ... on level 1 of the Dungeon.
             The game lasted 00:02:07 (144 turns).

codytheliberalslayer the Poker (DsGl)                Turns: 144, Time: 00:02:07

Health: -2/16      AC:  4    Str: 11 (14) XL:     1   Next: 91%
Magic:  1/1        EV: 12    Int:  7 (9)  God:
Gold:   25         SH:  0    Dex: 13 (14) Spells: 0/0 levels left

rFire    . . .     SeeInvis .   a - +0 trident
rCold    . . .     Faith    .   (no shield)
rNeg     . . .     Spirit   .   b - +0 leather armour
rPois    .         Reflect  .   c - +0 helmet
rElec    .         Harm     .   (no cloak)
rCorr    .         Rampage  .   (no gloves)
Will     .....                  (no boots)
Stlth    +.........             (no amulet)
HPRegen  0.05/turn              (no ring)
MPRegen  0.07/turn              (no ring)

@: no status effects
A: no striking features
a: no special abilities


You were on level 1 of the Dungeon.
You visited 1 branch of the dungeon, and saw 1 of its levels.

You collected 25 gold pieces.

Inventory:

Hand Weapons
 a - a +0 trident (weapon)
Missiles
 d - 3 throwing nets (quivered)
Armour
 b - a +0 leather armour (worn)
 c - a +0 helmet (worn)


   Skills:
 + Level 2.1 Fighting
 + Level 2.8 Polearms
 + Level 1.9 Throwing
 + Level 0.1 Armour
 + Level 2.8 Dodging


You couldn't memorise any spells.
You didn't know any spells.
Your spell library was empty.

Dungeon Overview and Level Annotations

Branches:
Dungeon (1/15)

Altars:


Message History

The bat hits you but does no damage. The goblin misses you.
You barely miss the goblin. The bat misses you.
The goblin hits you but does no damage. The goblin barely misses you. x2
You hit the goblin but do no damage. The bat closely misses you.
The goblin barely misses you. x2
You barely miss the goblin. The bat hits you. The goblin barely misses you.
The bat hits you but does no damage. The goblin hits you but does no damage.
The bat barely misses you. The goblin hits you with a +0 dagger.
The bat hits you but does no damage.
You miss the bat. The bat closely misses you. The bat hits you.
You closely miss the bat. The bat closely misses you.
The bat barely misses you.
You hit the bat but do no damage. The bat hits you but does no damage.
You miss the bat. The bat closely misses you. x2
You miss the bat. The bat completely misses you.
The bat hits you but does no damage.
Reach: a) +0 trident
Press: ? - help, Dir - move target, f - bat
Aim: a bat (about 56% to evade your +0 trident)
You hit the bat.
The bat is moderately wounded.
The bat hits you. The bat hits you but does no damage. x2
Reach: a) +0 trident
Press: ? - help, Dir - move target, f - goblin, p - bat
Aim: a goblin, wielding a +0 club (about 49% to evade your +0 trident)
The bat is in the way.
You closely miss the bat.
The bat is moderately wounded.
The bat hits you but does no damage.
You hit the bat.
You kill the bat!
You closely miss the goblin. The goblin hits you with a +0 club.
* * * LOW HITPOINT WARNING * * *
You barely miss the goblin. The goblin barely misses you.
The goblin hits you with a +0 club.
* * * LOW HITPOINT WARNING * * *
It was a potion of degeneration.
There was something very wrong with that liquid.
You feel weakened.
You feel dopey.
You feel clumsy. The goblin hits you with a +0 club.
You die...

#.....##....#
##..##.##....#
#..###.##).###
##).# #.#..##
#...# #.).##
#....#.# #.###
#..###.###.#
.... #.....#
... #..###@#
#. #..###g#
#.....g#
....##...#
...###....#
#..# #......
... ........
#..........
#..........


You could see 2 goblins.

Vanquished Creatures
  An endoplasm (D:1)
  A goblin (D:1)
  A quokka (D:1)
  A ball python (D:1)
  A bat (D:1)
  3 kobolds (D:1)
8 creatures vanquished.

Vanquished Creatures (others)
  A plant (D:1)
1 creature vanquished.

Grand Total: 9 creatures vanquished

Notes
Turn   | Place    | Note
-------+----------+-------------------------------------------
     0 | D:1      | codytheliberalslayer the Demonspawn Gladiator began the
                  | quest for the Orb.
     0 | D:1      | Reached XP level 1. HP: 16/16 MP: 1/1
   144 | D:1      | Slain by a goblin

Illustrated notes

Levels and vault maps discovered:
D:1:      lightli_arrival_flooded_house, layout_rooms, basic_ecumenical_altar

Action                   || total
-------------------------++-------
Melee: Trident           ||    38
  Use: Scroll            ||     1
       Potion            ||     1
Armor: Leather armour    ||    17
Dodge: Dodged            ||    29
